 Dungeon Crawl Stone Soup version 0.28.0-1-gb440e238dd (webtiles) character file.

Game seed: 15566318852741219381

118 a3don the Chiller (level 4, -2/32 HPs)
             Began as a Demonspawn Ice Elementalist on Feb 21, 2022.
             Killed by nerve-wracking pain
             ... invoked by Grinder
              (11 damage)
             ... on level 4 of the Dungeon.
             The game lasted 00:04:34 (3623 turns).

a3don the Chiller (Demonspawn Ice Elementalist)     Turns: 3623, Time: 00:04:35

Health: -2/32      AC:  3    Str:  9    XL:     4   Next: 72%
Magic:  3/8        EV: 12    Int: 18    God:
Gold:   177        SH:  0    Dex: 13    Spells: 1/8 levels left

rFire   . . .      SeeInvis .   k - +2 dagger (venom)
rCold   . . .      Faith    .   (no shield)
rNeg    . . .      Spirit   .   a - +0 robe
rPois   +          Reflect  .   (helmet restricted)
rElec   .          Harm     .   (no cloak)
rCorr   +          Rampage  .   (no gloves)
Will    .....                   (no boots)
Stlth   ++........              (no amulet)
HPRegen 0.10/turn               r - ring of resist corrosion
MPRegen 0.11/turn               b - ring of poison resistance

@: freezing walls
A: antennae 1, sharp scales 1
a: no special abilities


You were on level 4 of the Dungeon.
You visited 1 branch of the dungeon, and saw 4 of its levels.

You collected 177 gold pieces.

Inventory:

Hand Weapons
 c - a +0 mace
 h - a +0 whip
 k - a +2 dagger of venom (weapon)
Armour
 a - a +0 robe (worn)
 f - a +1 pair of gloves of infusion
Jewellery
 b - a ring of poison resistance (right hand)
 r - a ring of resist corrosion (left hand)
Scrolls
 d - a scroll of amnesia {unknown}
 i - a scroll of fear {unknown}
 l - a scroll of enchant armour {unknown}
 m - 2 scrolls of blinking {unknown}
 n - a scroll of fog {unknown}
 o - a scroll of silence {unknown}
 p - 2 scrolls of identify {unknown}
 q - a scroll of enchant weapon {unknown}
Potions
 e - 2 potions of curing
 g - 2 potions of heal wounds {unknown}
 j - a potion of degeneration {unknown}


   Skills:
 + Level 1.3 Fighting
 + Level 2.7 Dodging
 - Level 2.3 Stealth
 + Level 2.8 Spellcasting
 + Level 4.2 Ice Magic


You had one spell level left.
You knew the following spells:

 Your Spells              Type           Power      Damage    Failure   Level
a - Freeze                Ice            68%        1d8       3%          1
b - Frozen Ramparts       Ice            34%        1d5       9%          3
c - Ozocubu's Armour      Ice            17%        N/A       9%          3

Your spell library contained the following spells:

 Spells                   Type           Power      Damage    Failure   Level
 Hailstorm                Conj/Ice       10%        3d5       56%         4


Dungeon Overview and Level Annotations

Branches:
Dungeon (4/15)
 Temple: D:4-7

Altars:

Annotations:
D:4 Grinder


Innate Abilities, Weirdness & Mutations

You have a pair of small antennae on your head.
You are partially covered in razor-sharp scales. (AC +1, Slay +1)


Message History

The spell is quite dangerous to miscast (9% risk of failure)!
Continue anyway?
Casting: Frozen Ramparts (quite dangerous; 9% risk of failure)
Press: ? - help, Dir - look around, f - activate The walls around you are covered in ice.
Grinder completely resists.
The wall freezes Grinder but does no damage.
Grinder closely misses you.
You hit Grinder.
Grinder is lightly wounded.
Grinder completely resists.
The wall freezes Grinder but does no damage.
Grinder hits you!
You writhe in agony.
You closely miss Grinder.
Grinder is lightly wounded.
Grinder resists.
The wall freezes Grinder.
Grinder hits you.
You writhe in agony.
You are too injured to fight recklessly!
You are too injured to fight recklessly!
You are too injured to fight recklessly!
It was a potion of curing.
You feel better.
Grinder completely resists.
The wall freezes Grinder but does no damage.
Grinder blinks!
Unknown command.
b - a ring of poison resistance (right hand) Grinder gestures at you.
You resist with significant effort.
Grinder resists.
The wall freezes Grinder.
Your magical contamination has completely faded away.
You barely miss Grinder.
Grinder is lightly wounded.
Grinder resists.
The wall freezes Grinder.
Grinder hits you!
You writhe in agony.
* * * LOW HITPOINT WARNING * * *
You hit Grinder.
Grinder is moderately wounded.
Grinder completely resists.
The wall freezes Grinder but does no damage.
Grinder gestures at you. Pain shoots through your body!
You die...

### ... #.#
#.# #.#
###<#####.##
#.#.........
#..#####.##
##@#####.#...
##5.......#
##.........
#.####..#..
#.# .# #.. [.
#.# .# #. . #


You could see Grinder.

Vanquished Creatures
  An orc priest (D:3)
  3 adders
  2 worms
  A dart slug (D:3)
  4 orcs (D:3)
  7 endoplasms
  3 giant cockroaches
  3 goblins
  5 hobgoblins
  5 kobolds
  5 quokkas
  4 ball pythons
  A bat (D:1)
  2 frilled lizards (D:2)
  3 rats
49 creatures vanquished.

Notes
Turn   | Place    | Note
-------+----------+-------------------------------------------
     0 | D:1      | a3don the Demonspawn Ice Elementalist began the quest for
                  | the Orb.
     0 | D:1      | Reached XP level 1. HP: 13/13 MP: 3/3
   524 | D:1      | Found a faded altar of an unknown god.
   538 | D:1      | Gained mutation: You are partially covered in razor-sharp
                  | scales. (AC +1, Slay +1) [demonic ancestry]
   538 | D:1      | Reached XP level 2. HP: 19/19 MP: 3/5
   990 | D:2      | Gained mutation: You have a pair of small antennae on your
                  | head. [demonic ancestry]
   990 | D:2      | Reached XP level 3. HP: 24/24 MP: 0/6
  1274 | D:1      | Learned a level 3 spell: Frozen Ramparts
  2482 | D:2      | Learned a level 3 spell: Ozocubu's Armour
  2520 | D:3      | Reached skill level 4 in Ice Magic
  2546 | D:3      | Reached XP level 4. HP: 23/31 MP: 7/7
  2732 | D:3      | Reached skill level 1 in Fighting
  3604 | D:4      | Noticed Grinder
  3623 | D:4      | Killed from afar by Grinder

Illustrated notes

Levels and vault maps discovered:
D:1:      kennysheep_arrival_forest, layout_loops_ring,
          ebering_ecumenical_altar_mist, hangedman_abyss_or_decor_stabs
D:2:      layout_rooms, minmay_surrounded
D:3:      minmay_spotlight, layout_basic
D:4:      layout_loops_ring, kennysheep_mini_moat, temple_fountains,
          uniq_eustachio, uniq_grinder, uniq_menkaure

Skill      XL: |  1  2  3  4 |
---------------+-------------+-----
Dodging        | 2 |  2.7
Stealth        | 2 |  2.3
Ice Magic      | 4 |  4.2
Fighting       | 1 |  1.3
Spellcasting   | |  2.8

Action                   |  1- 3 |  4- 6 || total
-------------------------+-------+-------++-------
Melee: Mace              |    24 |       ||    24
       Unarmed           |     2 |       ||     2
       Punch             |     1 |     2 ||     3
       Dagger            |    25 |    29 ||    54
 Cast: Freeze            |    32 |     3 ||    35
       Frozen Ramparts   |     1 |     2 ||     3
  Use: Potion            |       |     1 ||     1
 Stab: Sleeping          |     3 |     2 ||     5
Armor: Robe              |    21 |     1 ||    22
Dodge: Dodged            |    54 |    13 ||    67
